 Dungeon Crawl Stone Soup version 0.24-a0-618-ge4662a2d14 (webtiles) character file.

Game seed: 5770779134071696528, levelgen mode: deterministic

854 MordorOrchid the Stinger (level 8, -1/57 HPs)
             Began as a Gnoll Venom Mage on Sept 15, 2019.
             Was a Follower of Sif Muna.
             Succumbed to a gnoll's poison
             ... on level 5 of the Dungeon.
             The game lasted 00:21:30 (2486 turns).

MordorOrchid the Stinger (Gnoll Venom Mage)         Turns: 2486, Time: 00:21:30

Health: -1/57      AC:  6    Str: 10    XL:     8   Next: 1%
Magic:  10/16      EV: 13    Int: 22    God:    Sif Muna [*.....]
Gold:   167        SH:  0    Dex: 17    Spells: 8/18 levels left

rFire    . . .     SeeInvis .   y - +2 dagger (venom)
rCold    + . .     Gourm    .   (no shield)
rNeg     + . .     Faith    .   u - +1 ring mail {rC+}
rPois    .         Spirit   .   (no helmet)
rElec    .         Reflect  .   (no cloak)
rCorr    .         Harm     .   (no gloves)
MR       .....                  (no boots)
Stlth    ++........             (no amulet)
HPRegen  0.19/turn              g - ring of positive energy
MPRegen  0.15/turn              m - +3 ring of intelligence

@: lethally poisoned (-1 -> -23)
A: distributed training, fangs 1, strong nose
a: Channel Magic, Renounce Religion


You were on level 5 of the Dungeon.
You worshipped Sif Muna.
Sif Muna was aware of your devotion.
You were near starving.

You visited 2 branches of the dungeon, and saw 6 of its levels.

You collected 167 gold pieces.

Inventory:

Hand Weapons
 a - a +1 falchion of flaming
 n - a +0 halberd
 y - a +2 dagger of venom (weapon)
 C - a +0 dagger
Missiles
 d - 65 stones
 i - 63 arrows
 k - 14 poisoned darts (quivered)
 l - 34 sling bullets
 s - 21 bolts
 v - 3 boomerangs of dispersal
 B - 4 silver boomerangs
Armour
 e - a +0 ring mail
 q - a +0 leather armour
 t - a +0 scale mail
 u - a +1 ring mail of cold resistance (worn)
 x - a +1 ring mail of positive energy
 A - a +0 robe
 E - a +0 robe of fire resistance
Jewellery
 g - a ring of positive energy (left hand)
 m - a +3 ring of intelligence (right hand)
Wands
 w - a wand of random effects (22)
 D - a wand of disintegration (7)
 G - a wand of flame (12)
Scrolls
 f - a scroll of teleportation {unknown}
 o - 4 scrolls of remove curse
 F - a scroll of magic mapping {unknown}
Potions
 b - a potion of curing
 h - 2 potions of heal wounds
 p - a potion of brilliance {unknown}
 r - a potion of degeneration {unknown}
 z - 2 potions of flight
Comestibles
 c - 6 rations
 j - 7 chunks of flesh


   Skills:
 + Level 2.8 Fighting
 + Level 2.8 Short Blades
 + Level 2.8 Long Blades
 + Level 2.8 Axes
 + Level 2.8 Maces & Flails
 + Level 2.8 Polearms
 + Level 2.8 Staves
 + Level 2.8 Slings
 + Level 2.8 Bows
 + Level 2.8 Crossbows
 + Level 2.8 Throwing
 + Level 2.8 Armour
 + Level 5.4 Dodging
 + Level 5.1 Stealth
 + Level 2.8 Shields
 + Level 2.8 Unarmed Combat
 + Level 5.8 Spellcasting
 + Level 3.1 Conjurations
 + Level 2.2 Hexes
 + Level 2.2 Charms
 + Level 2.2 Summonings
 + Level 2.2 Necromancy
 + Level 2.2 Translocations
 + Level 2.2 Transmutations
 + Level 2.2 Fire Magic
 + Level 2.2 Ice Magic
 + Level 2.2 Air Magic
 + Level 2.2 Earth Magic
 + Level 5.9 Poison Magic
 + Level 3.1 Invocations
 + Level 2.8 Evocations


You had 8 spell levels left.
You knew the following spells:

 Your Spells              Type           Power        Failure   Level  Hunger
a - Sting                 Conj/Pois      ####         3%          1    None
b - Olgreb's Toxic Radia  Pois           ####....     19%         4    ####...
g - Mephitic Cloud        Conj/Pois/Air  ###.....     14%         3    ##.....
p - Poisonous Vapours     Pois/Air       ###...       6%          2    None

Your spell library contained the following spells:

 Spells                   Type           Power        Failure   Level  Hunger
 Venom Bolt               Conj/Pois      ####......   67%         5    #####..


Dungeon Overview and Level Annotations

Branches:
Dungeon (5/15)             Temple (1/1) D:4

Altars:
Cheibriados
Kikubaaqudgha
Nemelex Xobeh
Ru
Sif Muna


Innate Abilities, Weirdness & Mutations

Your experience applies equally to all skills.
You have very sharp teeth.
Your uncanny sense of smell can sniff out nearby items.


Message History

You feel sick.
You feel sick.
You feel sick.
You feel sick.
You see here 17 stones.
You feel sick.
A gnoll comes into view. It is wielding a +1 spear of venom.
You feel sick.
The gnoll shouts!
You feel sick.
A howler monkey zombie comes into view.
The gnoll hits you from afar with a +1 spear of venom!
* * * LOW HITPOINT WARNING * * *
You are lethally poisoned!
* * * LOW HITPOINT WARNING * * *
You feel sick.
The gnoll hits you from afar with a +1 spear of venom.
* * * LOW HITPOINT WARNING * * *
You are more poisoned.
You die...

.................
.................
....$...........[.
...........>......
..........<.......
......................
......................
......................
..........@...........
...............)......
..........s.....Z.....
............g.........
..........Y.†.........
......................
..........g...........
.............g........
......................


You could see an ice beast, a scorpion, 3 gnolls and a howler monkey zombie
(wandering).

Vanquished Creatures
  A sky beast (D:3)
  An ogre (D:5)
  A scorpion (D:5)
  A howler monkey (D:5)
  2 orc priests
  A hound (D:4)
  A bullfrog skeleton (D:4)
  Terence (D:3)
  Ijyb (D:3)
  An iguana (D:4)
  4 worker ants
  4 orc wizards
  4 gnolls (D:2)
  5 adders
  An adder skeleton (D:4)
  A worm (D:3)
  4 leopard geckos
  23 orcs
  5 giant cockroaches
  8 hobgoblins
  A quokka (D:3)
  3 ball pythons
  8 bats
  7 frilled lizards
  6 goblins
  7 kobolds
  A quokka skeleton (D:4)
  11 rats
114 creatures vanquished.

Notes
Turn   | Place    | Note
-------+----------+-------------------------------------------
     0 | D:1      | MordorOrchid the Gnoll Venom Mage began the quest for the
                  | Orb.
     0 | D:1      | Reached XP level 1. HP: 13/13 MP: 6/6
   281 | D:1      | Reached XP level 2. HP: 14/19 MP: 4/7
   292 | D:1      | Learned a level 2 spell: Poisonous Vapours
   576 | D:2      | Reached XP level 3. HP: 25/25 MP: 6/9
   581 | D:2      | Learned a level 3 spell: Mephitic Cloud
   593 | D:2      | Reached skill level 5 in Spellcasting
   701 | D:2      | Reached skill level 1 in Invocations
   903 | D:3      | Reached skill level 1 in Fighting
   903 | D:3      | Reached skill level 1 in Short Blades
   903 | D:3      | Reached skill level 1 in Long Blades
   903 | D:3      | Reached skill level 1 in Axes
   903 | D:3      | Reached skill level 1 in Maces & Flails
   903 | D:3      | Reached skill level 1 in Polearms
   903 | D:3      | Reached skill level 1 in Staves
   903 | D:3      | Reached skill level 1 in Slings
   903 | D:3      | Reached skill level 1 in Bows
   903 | D:3      | Reached skill level 1 in Crossbows
   903 | D:3      | Reached skill level 1 in Throwing
   903 | D:3      | Reached skill level 1 in Armour
   903 | D:3      | Reached skill level 1 in Shields
   903 | D:3      | Reached skill level 1 in Unarmed Combat
   903 | D:3      | Reached skill level 1 in Evocations
   903 | D:3      | Reached XP level 4. HP: 32/32 MP: 6/11
   987 | D:2      | Reached skill level 1 in Hexes
   987 | D:2      | Reached skill level 1 in Charms
   987 | D:2      | Reached skill level 1 in Summonings
   987 | D:2      | Reached skill level 1 in Necromancy
   987 | D:2      | Reached skill level 1 in Translocations
   987 | D:2      | Reached skill level 1 in Transmutations
   987 | D:2      | Reached skill level 1 in Fire Magic
   987 | D:2      | Reached skill level 1 in Ice Magic
   987 | D:2      | Reached skill level 1 in Air Magic
   987 | D:2      | Reached skill level 1 in Earth Magic
  1013 | D:2      | Learned a level 4 spell: Olgreb's Toxic Radiance
  1064 | D:3      | Reached XP level 5. HP: 8/37 MP: 0/12
  1675 | D:3      | Noticed Ijyb
  1696 | D:3      | Killed Ijyb
  1696 | D:3      | Reached XP level 6. HP: 44/44 MP: 1/13
  1872 | D:4      | Found a staircase to the Ecumenical Temple.
  1879 | D:4      | Reached skill level 5 in Dodging
  1924 | Temple   | Entered the Ecumenical Temple
  1933 | Temple   | Became a worshipper of Sif Muna the Loreminder
  1960 | D:4      | Found a sacrificial altar of Ru.
  2103 | D:3      | Noticed a sky beast
  2111 | D:3      | Killed a sky beast
  2111 | D:3      | Reached XP level 7. HP: 50/50 MP: 2/15
  2161 | D:3      | Noticed Terence
  2171 | D:3      | Killed Terence
  2363 | D:5      | Entered Level 5 of the Dungeon
  2395 | D:5      | Reached * piety under Sif Muna
  2395 | D:5      | Reached skill level 5 in Stealth
  2427 | D:5      | Reached XP level 8. HP: 43/57 MP: 1/16
  2485 | D:5      | HP: 1/57 [gnoll/+1 spear of venom (2)]
  2486 | D:5      | Succumbed to a gnoll's poison

Levels and vault maps discovered:
D:1:      dpeg_arrival_radiant, layout_basic, nrook_mini_vaults
D:2:      layout_basic, minmay_misc_feat_hallway
D:3:      layout_basic, uniq_ijyb, uniq_terence
D:4:      layout_basic, minmay_temple_entry_drinking_statues,
          nicolae_ru_great_annihilating_truth
D:5:      layout_basic, first_ration, serial_bayou_pond_d
Temple:   eino_temple_scatter_basement

Skill      XL: |  1  2  3  4  5  6  7 |
---------------+----------------------+-----
Conjurations   | 2 3 |  3.1
Spellcasting   | 5 |  5.8
Invocations    | 1 2 3 |  3.1
Fighting       | 1 2 |  2.8
Short Blades   | 1 2 |  2.8
Long Blades    | 1 2 |  2.8
Axes           | 1 2 |  2.8
Maces & Flails | 1 2 |  2.8
Polearms       | 1 2 |  2.8
Staves         | 1 2 |  2.8
Slings         | 1 2 |  2.8
Bows           | 1 2 |  2.8
Crossbows      | 1 2 |  2.8
Throwing       | 1 2 |  2.8
Armour         | 1 2 |  2.8
Shields        | 1 2 |  2.8
Unarmed Combat | 1 2 |  2.8
Evocations     | 1 2 |  2.8
Hexes          | 1 2 |  2.2
Charms         | 1 2 |  2.2
Summonings     | 1 2 |  2.2
Necromancy     | 1 2 |  2.2
Translocations | 1 2 |  2.2
Transmutations | 1 2 |  2.2
Fire Magic     | 1 2 |  2.2
Ice Magic      | 1 2 |  2.2
Air Magic      | 1 2 |  2.2
Earth Magic    | 1 2 |  2.2
Dodging        | 5 |  5.4
Stealth        | 5 |  5.1
Poison Magic   | |  5.9

Action                   |  1- 3 |  4- 6 |  7- 9 || total
-------------------------+-------+-------+-------++-------
Melee: Dagger            |    13 |    57 |    17 ||    87
       Bite              |     2 |     8 |     4 ||    14
       Falchion          |       |    14 |     7 ||    21
Throw: Dart              |       |     9 |       ||     9
 Cast: Sting             |    44 |    48 |     9 ||   101
       Poisonous Vapours |     3 |    23 |    11 ||    37
       Olgreb's Toxic Ra |       |     7 |     1 ||     8
       Mephitic Cloud    |       |     1 |     1 ||     2
Evoke: Wand              |       |       |     3 ||     3
  Use: Scroll            |       |     1 |     2 ||     3
 Stab: Sleeping          |     2 |     4 |     2 ||     8
       Confused          |       |     1 |     1 ||     2
  Eat: Chunk             |       |     5 |     1 ||     6
Armor: Robe              |     2 |     4 |       ||     6
       Ring mail         |       |    11 |    13 ||    24
Dodge: Dodged            |    12 |    67 |    14 ||    93
       Rpst.: Falchion   |       |     5 |     1 ||     6

Table legend:
 A = Non-vault XP
 B = Vault XP
 C = Vault XP percentage of total XP
 D = Non-vault monster count
 E = Vault monster count
 F = Vault count percentage of total count
                 A         B        C        D         E       F
            +---------+---------+-------+---------+---------+-------
      Total |    1097 |     124 |  10.2 |     108 |       6 |   5.3
            +---------+---------+-------+---------+---------+-------
        D:1 |      23 |       0 |   0.0 |      15 |       0 |   0.0
        D:2 |     123 |       0 |   0.0 |      31 |       0 |   0.0
        D:3 |     349 |      74 |  17.5 |      37 |       2 |   5.1
        D:4 |     255 |      50 |  16.4 |      15 |       4 |  21.1
        D:5 |     347 |       0 |   0.0 |      10 |       0 |   0.0
            +---------+---------+-------+---------+---------+-------
